 Dungeon Crawl Stone Soup version 0.29.0-4-gdea44cf6ec (webtiles) character file.

Game seed: 17149185411061388863

1157 OgreMcGee the Ruffian (level 8, 83/83 HPs)
             Began as an Ogre Transmuter on Aug 27, 2022.
             Quit the game on level 5 of the Dungeon.
             The game lasted 00:09:18 (7041 turns).

OgreMcGee the Ruffian (Ogre Transmuter)             Turns: 7041, Time: 00:09:19

Health: 83/83      AC:  2    Str: 15    XL:     8   Next: 39%
Magic:  7/12       EV: 20    Int: 16    God:
Gold:   369        SH:  0    Dex: 14    Spells: 3/13 levels left

rFire   . . .      SeeInvis .     - Unarmed
rCold   . . .      Faith    .   (shield currently unavailable)
rNeg    . . .      Spirit   .   (body armour currently unavailable)
rPois   x          Reflect  .   (helmet currently unavailable)
rElec   .          Harm     .   (cloak currently unavailable)
rCorr   .          Rampage  .   (gloves unavailable)
Will    .....                   (boots unavailable)
Stlth   +.........              (no amulet)
HPRegen 0.23/turn               (no ring)
MPRegen 0.13/turn               (no ring)

@: spider-form, wereblooded
A: venomous fangs, tiny, unfitting armour, (tough skin 1)
a: End Transformation


You were on level 5 of the Dungeon.
You were a venomous arachnid creature.
You visited 1 branch of the dungeon, and saw 5 of its levels.

You collected 369 gold pieces.

Inventory:

Hand Weapons
 z - a +0 hand axe
Armour
 a - a +0 robe (melded)
Magical Staves
 b - a staff of cold
Jewellery
 r - a ring of fire
Wands
 s - a wand of polymorph (8)
 y - a wand of roots (7)
Scrolls
 c - 2 scrolls of poison
 d - a scroll of magic mapping {unknown}
 e - 2 scrolls of immolation {unknown}
 h - 2 scrolls of blinking {unknown}
 k - 3 scrolls of teleportation
 l - a scroll of silence {unknown}
 m - a scroll of vulnerability
 n - a scroll of enchant armour {unknown}
 p - a scroll of enchant weapon {unknown}
 v - 5 scrolls of identify
 x - a scroll of fear {unknown}
Potions
 f - 2 potions of mutation
 g - a potion of attraction {unknown}
 i - a potion of brilliance {unknown}
 j - a potion of flight {unknown}
 o - a potion of curing
 q - a potion of berserk rage {unknown}
 t - a potion of lignification
 u - a potion of might
 w - 4 potions of heal wounds {unknown}


   Skills:
 - Level 6.0 Fighting
 - Level 3.8 Dodging
 - Level 6.5 Unarmed Combat
 + Level 3.2 Spellcasting
 + Level 2.5 Transmutations
 * Level 0.6 Ice Magic
 - Level 2.0 Poison Magic


You had 3 spell levels left.
You knew the following spells:

 Your Spells              Type           Power      Damage    Failure   Level
a - Beastly Appendage     Tmut           20%        N/A       17%         1
b - Wereblood             Tmut           10%        N/A       24%         2
c - Spider Form           Tmut/Pois      9%         N/A       43%         3
d - Ice Form              Ice/Tmut       7%         N/A       85%         4

Your spell library contained the following spells:

 Spells                   Type           Power      Damage    Failure   Level
 Static Discharge         Conj/Air       2%         3-4/arc   50%         2
 Call Canine Familiar     Summ           2%         N/A       71%         3
 Confusing Touch          Hex            2%         N/A       71%         3
 Portal Projectile        Hex/Tloc       4%         N/A       71%         3
 Dispel Undead            Necr           2%         3d7       96%         4
 Leda's Liquefaction      Hex/Erth       1%         N/A       96%         4
 Sticky Flame             Conj/Fire      2%         2d3       96%         4
 Yara's Violent Unravell  Hex/Tmut       3%         3d4       99%         5
 Enfeeble                 Hex            1%         N/A       100%        7


Dungeon Overview and Level Annotations

Branches:
Dungeon (5/15)
 Temple: D:4-7

Altars:
Elyvilon
Nemelex Xobeh
Okawaru
Wu Jian
Xom

Shops:
D:1 :


Innate Abilities, Weirdness & Mutations

You are a venomous arachnid creature.
You have poisonous fangs.
You are tiny and dextrous.
Your spellcasting is less reliable in this form.
Your armour is entirely melded.
You are incapable of wielding weapons or throwing items.
You are too large for most types of armour.
((You have tough skin. (AC +1)))


Message History

Your +0 robe melds into your body.
The gnoll closely misses you. The gnoll misses you.
You hit the gnoll.
You feel a bit better.
You kill the gnoll!
The gnoll closely misses you.
You hit the gnoll.
You feel a bit better.
You kill the gnoll!
You see here a +0 spear.
Your primal bloodlust is almost over.
Your transformation is almost over.
Your primal bloodlust has ended.
Your transformation has ended.
Your +0 robe unmelds from your body.
Key pressed, stopping explore.
You see here a +0 spear.
Things that are here:
a +0 whip; a +0 spear; a gnoll corpse
Found a stone staircase leading up.
An orc comes into view. It is wielding a +0 whip.
You see here 14 gold pieces.
An orc is nearby!
An orc is nearby!
You now have 369 gold pieces (gained 14).
The orc shouts!
Casting: Spider Form (dangerous; 22% risk of failure)
Confirm with . or Enter, or press ? or * to list all spells.
Your blood is infused with primal strength.
Casting: Wereblood (safe; 10% risk of failure)
Confirm with . or Enter, or press ? or * to list all spells.
You turn into a venomous arachnid creature.
Your +0 robe melds into your body.
The orc barely misses you.
You hit the orc.
The orc is poisoned.
The orc is heavily wounded.
The orc barely misses you.
You hit the orc.
You kill the orc!
No target in view!
No target in view!
Are you sure you want to abandon this character and quit the game? (Confirm with "yes".)

##......## ##...## ##...
...........##....#####....
...................[......
...............#######....
..#.........#### #....
..#.........# #....
#.........# #....
##.......## #####
#......s..# #.....)...#
#.........# #.........#
#.......<.# ##.......##
##.....## #######


There were no monsters in sight!

Vanquished Creatures
  Prince Ribbit (D:5)
  2 ice beasts
  2 ogres
  2 scorpions
  A hound (D:5)
  An orc priest (D:4)
  2 jellies (D:5)
  2 iguanas (D:4)
  Robin (D:4)
  10 gnolls
  9 adders
  A shadow imp (D:4)
  A white imp (D:5)
  An ufetubus (D:3)
  3 worms (D:2)
  3 dart slugs
  6 orcs
  7 ball pythons
  8 endoplasms
  4 giant cockroaches
  19 goblins
  12 hobgoblins
  2 jackals (D:1)
  8 kobolds
  4 quokkas
  9 bats
  A frilled lizard (D:3)
  10 rats
132 creatures vanquished.

Notes
Turn   | Place    | Note
-------+----------+-------------------------------------------
     0 | D:1      | OgreMcGee the Ogre Transmuter began the quest for the Orb.
     0 | D:1      | Reached XP level 1. HP: 19/19 MP: 3/3
   286 | D:1      | Reached XP level 2. HP: 28/28 MP: 3/5
   380 | D:1      | Learned a level 2 spell: Wereblood
   415 | D:1      | Found Vumub's Vocational Training.
   614 | D:1      | Reached XP level 3. HP: 36/36 MP: 4/6
   618 | D:1      | Learned a level 3 spell: Spider Form
   952 | D:1      | Found a faded altar of an unknown god.
  1325 | D:2      | Found a shimmering altar of Xom.
  1408 | D:2      | Reached skill level 1 in Poison Magic
  1866 | D:2      | Reached XP level 4. HP: 44/44 MP: 6/8
  3439 | D:3      | Reached XP level 5. HP: 44/50 MP: 5/9
  3655 | D:3      | Noticed an ogre
  3667 | D:3      | Killed an ogre
  4234 | D:3      | Learned a level 4 spell: Ice Form
  4330 | D:4      | Reached XP level 6. HP: 61/61 MP: 4/10
  4512 | D:4      | Noticed Robin
  4528 | D:4      | Killed Robin
  5005 | D:4      | Reached skill level 5 in Unarmed Combat
  5005 | D:4      | Reached XP level 7. HP: 63/70 MP: 2/11
  5185 | D:4      | Found a sparkling altar of Nemelex Xobeh.
  5247 | D:5      | Entered Level 5 of the Dungeon
  5247 | D:5      | Found an ornate altar of the Wu Jian Council.
  5247 | D:5      | Found a white marble altar of Elyvilon.
  5849 | D:5      | Reached skill level 5 in Fighting
  5991 | D:5      | Noticed Prince Ribbit
  6307 | D:5      | Killed Prince Ribbit
  6308 | D:5      | Reached XP level 8. HP: 22/83 MP: 1/12
  6802 | D:5      | Found an iron altar of Okawaru.
  7041 | D:5      | Quit the game

Illustrated notes

Levels and vault maps discovered:
D:1:      dpeg_arrival_three_bigger_balls, layout_basic, serial_glass,
          glass_columns_a, glass_columns_a, glass_columns_c, glass_columns_a,
          glass_columns_a, glass_columns_c, glass_columns_c, glass_columns_c,
          glass_columns_a, glass_columns_c, chequers_ecumenical_altar_simple,
          nicolae_shop_vocational
D:2:      layout_basic, basic_altar, st_stairs_2
D:3:      layout_basic, minmay_goblin_kobold_house
D:4:      layout_rooms, nemelex_dance_club_becter, minmay_distorted, uniq_robin
D:5:      layout_rooms, kennysheep_mini_moat,
          chequers_temple_overflow_statue_of_worship, uniq_prince_ribbit1

Skill      XL: |  1  2  3  4  5  6  7  8 |
---------------+-------------------------+-----
Unarmed Combat | 3 4 5 6 |  6.5
Fighting       | 2 3 4 5 6 |  6.0
Poison Magic   | 1 2 |  2.0
Transmutations | 2 |  2.5
Spellcasting   | 3 |  3.2
Dodging        | 2 3 |  3.8
Ice Magic      | |  0.6

Action                   |  1- 3 |  4- 6 |  7- 9 || total
-------------------------+-------+-------+-------++-------
Melee: Unarmed           |   110 |   146 |   107 ||   363
       Headbutt          |    10 |     2 |       ||    12
       Kick              |    14 |     3 |       ||    17
       Punch             |     2 |       |       ||     2
 Cast: Beastly Appendage |    24 |     6 |       ||    30
       Wereblood         |     7 |     5 |     4 ||    16
       Spider Form       |     1 |    21 |    15 ||    37
 Abil: End Transformatio |       |     1 |     1 ||     2
  Use: Scroll            |       |     5 |       ||     5
       Potion            |       |       |     2 ||     2
 Stab: Sleeping          |       |     1 |       ||     1
Armor: Robe              |    43 |    11 |     1 ||    55
       Skin              |       |     9 |    10 ||    19
Dodge: Dodged            |    57 |    98 |    79 ||   234
